 Dungeon Crawl Stone Soup version 0.21-a0-450-gd87a9b2 (webtiles) character file.

109 zxpr0jk the Ducker (level 5, -4/35 HPs)
             Began as a Halfling Gladiator on Nov 19, 2017.
             Killed by nerve-wracking pain
             ... invoked by Grinder
              (12 damage)
             ... on level 3 of the Dungeon.
             The game lasted 00:05:14 (1702 turns).

zxpr0jk the Ducker (Halfling Gladiator)             Turns: 1702, Time: 00:05:15

Health: -4/35      AC:  4    Str: 16    XL:     5   Next: 13%
Magic:  5/5        EV: 22    Int:  6    God:
Gold:   48         SH:  0    Dex: 21    Spells: 4/4 levels left

rFire    . . .     SeeInvis .   a - +0 long sword
rCold    . . .     Gourm    .   (shield restricted)
rNeg     . . .     Faith    .   b - +0 leather armour
rPois    .         Spirit   .   c - +0 helmet
rElec    .         Reflect  .   (no cloak)
rCorr    .         Harm     .   (no gloves)
MR       .....                  (no boots)
Stlth    +++.......             (no amulet)
HPRegen  0.11/turn              (no ring)
MPRegen  0.09/turn              (no ring)

@: agile
A: mutation resistance 1
a: no special abilities


You were on level 3 of the Dungeon.
You were not hungry.

You visited 1 branch of the dungeon, and saw 3 of its levels.

You collected 48 gold pieces.

Inventory:

Hand Weapons
 a - a +0 long sword (weapon)
Armour
 b - a +0 leather armour (worn)
 c - a +0 helmet (worn)
Scrolls
 e - 2 scrolls of identify
 g - 2 scrolls of remove curse
 h - a scroll of fear {unknown}
 i - 3 scrolls of teleportation {unknown}
Comestibles
 f - a bread ration
 k - 4 chunks of flesh


   Skills:
 + Level 2.5 Fighting
 * Level 4.1 Long Blades
 - Level 2.0 Throwing
 * Level 4.5 Dodging


You had 4 spell levels left.
You didn't know any spells.

Dungeon Overview and Level Annotations

Branches:
Dungeon (3/15)

Altars:

Annotations:
D:2 Sigmund
D:3 Grinder


Innate Abilities, Weirdness & Mutations

You are small and have problems with some larger weapons.
You are somewhat resistant to further mutation.


Message History

You closely miss Grinder. Grinder closely misses you.
You hit Grinder.
Grinder is lightly wounded.
Grinder gestures at you. Pain shoots through your body!
It was a potion of agility.
You feel agile all of a sudden. Grinder completely misses you.
You riposte.
You hit Grinder.
Grinder is lightly wounded.
As you read the scroll labeled YRRYOM SALIDGHEME, it crumbles to dust.
It is a scroll of identify.
g - 2 scrolls of remove curse Grinder hits you.
* * * LOW HITPOINT WARNING * * *
You closely miss Grinder.
Grinder is lightly wounded.
Grinder closely misses you. Grinder gestures at you.
Pain shoots through your body!
You die...

#......#
#......#
#......##
#[......#
#.....#.##
#.....#..#
#....g##(#
#..... #5#
#..5.. #@# .#
....... #.##.#
...######.##.#
#. .........#.#
#.. .........#.#
#.. #........#.#
#.# #........#.#
#.# #.....(....#
#.#
#.......#..###.#


You could see Grinder.

Vanquished Creatures
  Jessica (D:1)
  2 gnolls
  An adder (D:1)
  An ooze (D:3)
  A worm (D:2)
  2 leopard geckos
  3 orcs (D:3)
  3 giant cockroaches
  4 goblins
  A hobgoblin (D:3)
  10 jackals
  2 bats
  A frilled lizard (D:1)
  7 kobolds
  4 rats
43 creatures vanquished.

Notes
Turn   | Place    | Note
-------+----------+-------------------------------------------
     0 | D:1      | zxpr0jk the Halfling Gladiator began the quest for the Orb.
     0 | D:1      | Reached XP level 1. HP: 14/14 MP: 1/1
   107 | D:1      | Reached XP level 2. HP: 16/19 MP: 2/2
   412 | D:1      | Reached XP level 3. HP: 11/24 MP: 3/3
   607 | D:2      | Noticed Sigmund
   890 | D:2      | Noticed Jessica
   911 | D:1      | Killed Jessica
   911 | D:1      | Reached XP level 4. HP: 16/29 MP: 4/4
  1532 | D:3      | Reached XP level 5. HP: 28/35 MP: 5/5
  1685 | D:3      | Noticed Grinder
  1702 | D:3      | Killed from afar by Grinder

Vault maps used:
D:1:      saegor_arrival_simple_f
D:2:      due_unseen_surprise, uniq_natasha, uniq_jessica, uniq_sigmund
D:3:      first_bread, uniq_grinder

Skill      XL: |  1  2  3  4 |
---------------+-------------+-----
Fighting       | 2 |  2.5
Dodging        | 4 |  4.5
Long Blades    | 4 |  4.1
Throwing       | |  2.0

Action                   |  1- 3 |  4- 6 || total
-------------------------+-------+-------++-------
Melee: Long sword        |    62 |    54 ||   116
Throw: Throwing net      |     3 |     1 ||     4
  Use: Potion            |     3 |     1 ||     4
       Scroll            |       |     1 ||     1
  Eat: Chunk             |       |     3 ||     3
Armor: Leather armour    |    29 |    12 ||    41
Dodge: Dodged            |   106 |    49 ||   155
       Rpst.: Long sword |    32 |    14 ||    46

Table legend:
 A = Spawn XP
 B = Non-spawn XP
 C = Spawn XP percentage of total XP
 D = Spawn monster count
 E = Non-spawn monster count
 F = Spawn count percentage of total count
 G = Total turns spent on level
                    A         B        C        D         E        F      G
               +---------+---------+-------+---------+---------+-------+---------
         Total |       0 |     156 |   0.0 |       0 |      43 |   0.0 |  1702
               +---------+---------+-------+---------+---------+-------+---------
           D:1 |       0 |      88 |   0.0 |       0 |      19 |   0.0 |  1246
           D:2 |       0 |      46 |   0.0 |       0 |      17 |   0.0 |   281
           D:3 |       0 |      22 |   0.0 |       0 |       7 |   0.0 |   175
               +---------+---------+-------+---------+---------+-------+---------
